 Dungeon Crawl Stone Soup version 0.22.0-18-ge075c0de6d (console) character file.

110 nanamain the Slasher (level 4, 0/27 HPs)
             Began as a Deep Elf Abyssal Knight on Aug 19, 2018.
             Was a Believer of Lugonu.
             Slain by an orc priest
             ... wielding a +0 mace of crushing
              (1 damage)
             ... on level 3 of the Dungeon.
             The game lasted 00:11:12 (3682 turns).

nanamain the Slasher (Deep Elf Abyssal Knight)      Turns: 3682, Time: 00:11:13

Health: 0/27       AC:  6    Str:  9    XL:     4   Next: 61%
Magic:  7/7        EV: 11    Int: 17    God:    Lugonu [**....]
Gold:   137        SH:  0    Dex: 15    Spells: 3/3 levels left

rFire    . . .     SeeInvis .   a - +1 falchion
rCold    . . .     Gourm    .   (no shield)
rNeg     . . .     Faith    .   h - +0 ring mail
rPois    .         Spirit   .   (no helmet)
rElec    .         Reflect  .   r - +0 cloak
rCorr    .         Harm     .   (no gloves)
MR       .....                  (no boots)
Stlth    ..........             (no amulet)
HPRegen  0.09/turn              k - ring of attention (curse)
MPRegen  0.10/turn              (no ring)

@: no status effects
A: no striking features
a: Depart the Abyss, Bend Space, Renounce Religion


You were on level 3 of the Dungeon.
You worshipped Lugonu.
Lugonu was pleased with you.
You were not hungry.

You visited 1 branch of the dungeon, and saw 3 of its levels.
You visited the Abyss 1 time.

You collected 137 gold pieces.


   Skills:
 - Level 2.4 Fighting
 + Level 4.4 Long Blades
 - Level 0.7 Armour
 - Level 2.4 Dodging
 - Level 2.0 Invocations


You had 3 spell levels left.
You didn't know any spells.
Your spell library was empty.

Inventory:

Hand Weapons
 a - a +1 falchion (weapon)
 b - a +0 blowgun
 g - a +0 hunting sling
Missiles
 f - 36 arrows
 m - 28 stones (quivered)
 q - 12 poisoned needles
Armour
 h - a +0 ring mail (worn)
 n - a +0 leather armour
 r - a +0 cloak (worn)
 s - a +0 plate armour
Jewellery
 d - an uncursed amulet of harm {unknown}
 k - a cursed ring of attention (left hand)
Scrolls
 j - a scroll of teleportation
 p - a scroll of fog
 t - a scroll of fear
Potions
 e - 4 potions of curing
 i - a potion of might {unknown}
 l - 2 potions of mutation {!q}
 o - a potion of degeneration {unknown}
Comestibles
 c - 7 rations
 u - 3 chunks of flesh


Message History

a - a +1 falchion (weapon)
The giant cockroach bites you.
The orc priest hits you with a mace of crushing.
You closely miss the orc priest.
The orc priest is moderately wounded.
The giant cockroach bites you but does no damage.
The orc priest closely misses you.
You hit the orc priest.
The orc priest is heavily wounded.
The giant cockroach closely misses you.
You barely miss the orc priest.
The orc priest is heavily wounded.
The giant cockroach bites you.
The orc priest invokes the aid of Beogh against you.
Pain shoots through your body!
* * * LOW HITPOINT WARNING * * *
The giant cockroach closely misses you.
The orc priest hits you with a mace of crushing.
* * * LOW HITPOINT WARNING * * *
You die...

,,,,,,********,,*
,,,*,,* #..* ######
,,,,,,* #..# #..>..
.#*,*,*
#..#***########.####
.#,,,,***
#...,,,.........####
..,*,,,,*
#..#***#######......
o#,,..#.* #..#
##.#### .##,*...#
#.s###########...# *
..,,*#..#
#..@(.)%<........# *
.#***#..#
#.o###########...# *
.# #..# #(.# ##### *
## #..######(.# * #
#..........# * #
#..........# * #
#...######## *
######..##**********
.....o..#,,,,,,,,,,*


You could see an orc priest and a giant cockroach.

Vanquished Creatures
  5 adders
  2 oozes
  2 dart slugs (D:2)
  A leopard gecko (D:2)
  3 orcs
  5 bats
  3 giant cockroaches
  4 goblins
  5 hobgoblins
  3 jackals (D:2)
  7 kobolds
  A quokka (D:2)
  3 frilled lizards
  2 rats
  A plant (D:3)
47 creatures vanquished.

Notes
Turn   | Place    | Note
-------+----------+-------------------------------------------
     0 | Abyss:1  | nanamain the Deep Elf Abyssal Knight began the quest for the Orb.
     0 | Abyss:1  | Reached XP level 1. HP: 13/13 MP: 4/4
     0 | Abyss:1  | Found a corrupted altar of Lugonu.
    45 | Abyss:1  | Found a corrupted altar of Lugonu.
    55 | D:1      | Escaped the Abyss
   243 | D:1      | Reached skill level 2 in Long Blades
   334 | D:1      | Reached XP level 2. HP: 15/18 MP: 5/5
   925 | D:2      | Reached skill level 3 in Long Blades
  1057 | D:2      | Reached XP level 3. HP: 22/22 MP: 6/6
  1523 | D:2      | Reached ** piety under Lugonu
  1846 | D:2      | this is so fucking stupid
  2492 | D:2      | Reached skill level 4 in Long Blades
  2492 | D:2      | Reached XP level 4. HP: 27/27 MP: 7/7
  2608 | D:3      | lel
  2628 | D:3      | ew
  2654 | D:3      | Noticed Terence
  3426 | D:3      | noice
  3682 | D:3      | HP: 3/27 [orc priest/nerve-wracking pain (5)]
  3682 | D:3      | HP: 1/27 [orc priest/mace of crushing (2)]
  3682 | D:3      | Slain by an orc priest

Vault maps used:
D:1:      grunt_arrival_crossed_arrows
D:2:      minmay_wonky_spiral
D:3:      serial_bayou_pond_e, serial_bayou_crossing, uniq_terence

Action                   |  1- 3 |  4- 6 || total
-------------------------+-------+-------++-------
Melee: Falchion          |   113 |   127 ||   240
 Fire: Blowgun           |       |     4 ||     4
Throw: Stone             |    21 |     5 ||    26
  Use: Scroll            |       |     7 ||     7
  Eat: Chunk             |     5 |     2 ||     7
       Ration            |       |     1 ||     1
Armor: Ring mail         |    45 |    33 ||    78
Dodge: Dodged            |    58 |    53 ||   111
       Rpst.: Falchion   |    13 |    14 ||    27
